AoeStats
← O grande

Arabia

506189906Analyzed
1v1 RM · 19d ago on Sep 12, 2026· 32m 25s· 2 players
Game mode
Random Map
Map size
Tiny (2 player)
Population
200
Speed
Normal
Resources
Standard
Victory
Conquest
Starting age
Dark Age
Ending age
Imperial Age
RankedLock teamsTeams togetherTeam positionsShared explorationLock speedFull tech treeHidden civsTurbo modeCheats
Victory
Defeat
🇨🇴 Portuguese · Colombia
2097
+13
🇧🇷 Bulgarians · Brazil
2027
-13
O grande
6:40 Loom
9:06 Feudal Age
11:08 Arson
11:28 Double-Bit Axe
12:49 Forging
13:09 Scale Mail Armor
13:05 Horse Collar
19:58 Castle Age
18:41 Horse Collar
18:53 Gold Mining
20:56 Chain Mail Armor
20:29 Gambesons
20:45 Squires
26:44 Iron Casting
29:12 Redemption
VL Retember
7:42 Loom
10:50 Feudal Age
11:24 Double-Bit Axe
11:22 Horse Collar
13:05 Fletching
17:27 Wheelbarrow
20:18 Castle Age
18:38 Gold Mining
20:21 Crossbowman
21:09 Bodkin Arrow
21:38 Bow Saw
29:23 Imperial Age
29:39 Ballistics
30:11 Bracer
31:30 Chemistry
Connection lost

Rejoining the realm…

Still unreachable

The connection could not be restored.

Session expired

The server has moved on; the page needs a fresh start.